 Dungeon Crawl Stone Soup version 0.27-a0-1548-gf8a67e7463 (webtiles) character file.

Game seed: 16024820076540173925

45597 jasper the Cleaver (level 14, -6/77 HPs)
             Began as a Vine Stalker Berserker on July 13, 2021.
             Was the Champion of Trog.
             Killed by divine providence
             ... invoked by an orc priest
              (16 damage)
             ... on level 1 of the Orcish Mines.
             The game lasted 00:33:53 (17579 turns).

jasper the Cleaver (Vine Stalker Berserker)        Turns: 17579, Time: 00:33:53

Health: -6/77      AC: 27    Str: 20    XL:     14   Next: 33%
Magic:  0/5        EV: 12    Int:  7    God:    Trog [******]
Gold:   1380       SH: 17    Dex: 17    Spells: 13/13 levels left

rFire    + + .     SeeInvis +   o - +2 war axe (antimagic)
rCold    + + .     Faith    .   a - +2 kite shield "Nahohid" {rPois rC+ Slay+2}
rNeg     . . .     Spirit   +   d - +3 plate armour
rPois    +         Reflect  +   r - +0 helmet
rElec    .         Harm     .   W - scarf {rC+ rF+}
rCorr    .         Rampage  .   x - +0 pair of gloves
Will     +....                  N - +2 pair of boots "Nuol" {rF+ Dex-2 SInv}
Stlth    ..........             S - amulet of reflection
HPRegen  1.22/turn              L - +4 ring of evasion
MPRegen  0.09/turn              u - +4 ring of protection

@: studying Armour
A: fangs 3, regeneration 1, magic shield, antimagic bite, no potion heal 2
a: Renounce Religion, Berserk, Trog's Hand, Brothers in Arms


You were on level 1 of the Orcish Mines.
You worshipped Trog.
Trog was exalted by your worship.
You visited 3 branches of the dungeon, and saw 19 of its levels.
You also visited: Ice Cave.

You collected 2043 gold pieces.
You spent 663 gold pieces at shops.

Inventory:

Hand Weapons
 o - a +2 antimagic war axe (weapon)
 q - a +0 broad axe
 H - a +0 broad axe
Missiles
 c - 24 boomerangs (quivered)
 t - 29 poisoned darts
 G - 2 throwing nets
 I - 6 javelins
 K - 2 curare-tipped darts
Armour
 a - the +2 kite shield "Nahohid" (worn) {rPois rC+ Slay+2}
   (You found it on level 2 of the Lair of Beasts)

   Slay:      It affects your accuracy & damage with ranged weapons and melee
   (+2).
   rC:        It protects you from cold.
   rPois:     It protects you from poison.
 d - a +3 plate armour (worn)
 r - a +0 helmet (worn)
 x - a +0 pair of gloves (worn)
 N - the +2 pair of boots "Nuol" (worn) {rF+ Dex-2 SInv}
   (You acquired it on level 2 of the Lair of Beasts)

   Dex:       It affects your dexterity (-2).
   rF:        It protects you from fire.
   SInv:      It lets you see invisible.
 P - a +0 buckler
 W - a scarf of resistance (worn)
Jewellery
 b - a ring of see invisible
 i - a ring of poison resistance
 u - a +4 ring of protection (right hand)
 E - a ring of resist corrosion
 L - a +4 ring of evasion (left hand)
 S - an amulet of reflection (around neck)
 T - a ring of ice
 Z - a ring of positive energy
Wands
 n - a wand of charming (3)
 O - a wand of flame (25)
 X - a wand of paralysis (10)
 Y - a wand of iceblast (8)
Scrolls
 f - 3 scrolls of enchant weapon
 m - 5 scrolls of enchant armour
 v - 7 scrolls of teleportation
 A - 2 scrolls of immolation
 D - 3 scrolls of vulnerability
 U - a scroll of fog
Potions
 e - 4 potions of attraction
 g - 2 potions of flight
 h - 2 potions of mutation
 j - 7 potions of might
 k - a potion of ambrosia
 l - 3 potions of lignification
 p - 5 potions of degeneration
 s - 4 potions of curing
 w - 3 potions of cancellation
 z - 3 potions of heal wounds
 B - a potion of brilliance {unknown}
 F - a potion of resistance {unknown}
 Q - 2 potions of haste
 R - a potion of invisibility
Miscellaneous
 V - a phantom mirror


   Skills:
 + Level 10.3 Fighting
 * Level 13.8 Axes
 + Level 10.1 Armour
 - Level 8.0 Dodging
 + Level 5.1 Shields
 - Level 5.0 Evocations


You had 13 spell levels left.
You didn't know any spells.
Your spell library was empty.

Dungeon Overview and Level Annotations

Branches:
Dungeon (11/15)            Temple (0/1) D:6            Lair (6/6) D:9
  Swamp (0/4) Lair:2        Snake (0/4) Lair:3        Slime (0/5) Lair:5
    Orc (2/2) D:11            Elf (0/3) Orc:2         IceCv (visited)

Altars:
Dithmenos
Fedhas
Gozag
Hepliaklqana
Makhleb
Okawaru
Sif Muna
Uskayaw
Vehumet
Xom
Yredelemnul
Beogh
Jiyva

Shops:
D:2 *   D:10 !   Orc:2 (

Portals:
Trove: D:10 (give +4 fire dragon scales)

Annotations:
D:7 1 transporter
D:11 3 runed translucent doors, exclusion: obsidian statue, SirDiesAlot's ghost, journeyman DECj
Lair:1 exclusion: 2 oklob plants
Orc:2 Saint Roka


Innate Abilities, Weirdness & Mutations

You have razor-sharp teeth.
Your natural rate of healing is unusually fast.
When hurt, damage is shared between your health and your magic reserves.
Your bite disrupts and absorbs the magic of your enemies.
Potions cannot restore your health.


Message History

The orc warrior dies!
Trog accepts your kill.
Your deep troll closely misses the red devil.
Your deep troll claws the red devil!!
Your deep troll barely misses the red devil.
The orc priest hits your deep troll with a +0 club.
Your deep troll closely misses the orc priest.
Your deep troll claws the orc priest!!
The orc priest dies!
Trog accepts your kill.
The red devil hits your deep troll with a +0 trident!
There is a stone staircase leading up here.
Your deep troll bites the red devil but does no damage.
Your deep troll closely misses the red devil.
Your deep troll claws the red devil.
The red devil hits your deep troll with a +0 trident!
Your deep troll dies!
Your deep troll's corpse disappears in a puff of smoke!
You climb upwards.
The orc warrior shouts!
The orc priest shouts!
You hear a shout! x2
An orc priest comes into view. It is wielding a +0 club.
The orc priest invokes the aid of Beogh against you.
Beogh smites you!
* * * LOW HITPOINT WARNING * * *
You block the orc's attack.
An orc priest comes into view. It is wielding a +0 mace.
You block the orc warrior's attack.
You hear a shout! x2
There is a stone staircase leading down here.
You take 5 damage, and have 22/77 hp.
You now have 2/5 mp.
You slash the orc!
You kill the orc!
Trog accepts your kill.
The orc priest invokes the aid of Beogh against you.
Beogh smites you!
* * * LOW HITPOINT WARNING * * *
You block the orc warrior's attack.
The orc priest mumbles some strange prayers to Beogh against you.
Beogh smites you!
You die...

##..
....#.#
#...
.....#
##...
.....##
##....
...oo#
#.#...
###....
####..
#....o
#...
...#....##
#...
.......@.#
###.
......#)##
#. ###o.
.## #. #.#
.. ##. #
##. ##..
## #...
#... ##..
##...


You could see an orc warrior and 3 orc priests.

Vanquished Creatures
  Snorg (Orc:2)
  A boulder beetle (D:11)
  5 hydras
  2 two-headed ogres (D:11)
  An orc high priest (D:11)
  An orc knight (Orc:1)
  An ugly thing (IceCv)
  2 orc sorcerers
  A cyclops (Orc:2)
  A manticore (D:11)
  3 elephants (Lair:3)
  A moth of wrath (Lair:5)
  3 black mambas
  9 cane toads
  Maggie (D:6)
  An unseen horror (D:10)
  4 kobold demonologists
  3 rime drakes
  7 komodo dragons
  A demonic crawler (Lair:5)
  4 trolls
  2 polar bears
  Grinder (D:4)
  16 blink frogs
  A dream sheep (Lair:6)
  A meliai zombie (D:11)
  Sigmund (D:5)
  9 wyverns
  29 yaks
  A basilisk (Lair:3)
  A steam dragon (D:9)
  3 swamp worms (Lair:5)
  4 wargs (D:11)
  A harpy simulacrum (IceCv)
  4 nagas (Lair:3)
  15 water moccasins
  26 orc warriors
  2 black bears
  An ice beast (D:7)
  2 hornet zombies
  36 wolves
  9 ogres
  6 centaurs
  A phantom (D:6)
  2 kobold brigands
  A wyvern zombie (D:7)
  3 scorpions
  9 bullfrogs
  2 cane toad simulacra (IceCv)
  A gnoll sergeant (D:9)
  A two-headed ogre simulacrum (D:11)
  A water moccasin skeleton (D:4)
  8 killer bees
  8 wights
  2 electric eels
  8 howler monkeys
  6 centaur zombies
  Crazy Yiuf (D:7)
  A bullfrog zombie (D:5)
  A bullfrog skeleton (D:6)
  10 hounds
  2 jellies (D:5)
  2 gnoll shamans
  12 orc priests
  4 centaur skeletons
  5 iguanas
  19 orc wizards
  2 polar bear simulacra (IceCv)
  A troll simulacrum (D:11)
  2 wolf simulacra (IceCv)
  2 hound skeletons
  A mummy (D:5)
  7 adders
  6 gnolls
  2 shadow imps
  3 white imps
  2 ufetubi
  3 dart slugs
  91 orcs
  7 ball pythons
  5 bats
  7 endoplasms
  2 giant cockroaches
  8 goblins
  2 hobgoblins
  13 jackals
  16 kobolds
  A quokka (D:5)
  2 frilled lizards
  2 kobold zombies (D:5)
  2 orc zombies (D:5)
  3 rats
526 creatures vanquished.

Vanquished Creatures (collateral kills)
  3 ice statues (IceCv)
  A freezing wraith (IceCv)
  A harpy simulacrum (IceCv)
  3 orc warriors (Orc:2)
  An ogre (Orc:2)
  An orc priest (Orc:2)
  2 orc wizards (Orc:2)
  2 orcs (Orc:2)
14 creatures vanquished.

Vanquished Creatures (others)
  An orc priest (Orc:1)
  A hound (D:4)
  An orc (Orc:2)
  10 fungi
  14 plants
27 creatures vanquished.

Grand Total: 567 creatures vanquished

Notes
Turn   | Place    | Note
-------+----------+-------------------------------------------
     0 | D:1      | jasper the Vine Stalker Berserker began the quest for the
                  | Orb.
     0 | D:1      | Reached XP level 1. HP: 11/11 MP: 2/2
   570 | D:1      | Reached XP level 2. HP: 8/16 MP: 1/3
   917 | D:1      | Reached skill level 3 in Axes
  1039 | D:1      | Reached XP level 3. HP: 13/19 MP: 4/4
  1360 | D:1      | Reached ** piety under Trog
  1815 | D:2      | Gained mutation: Your natural rate of healing is unusually
                  | fast. [Vine Stalker growth]
  1815 | D:2      | Reached XP level 4. HP: 24/24 MP: 5/5
  2007 | D:2      | Found Soutek's General Store.
  2011 | D:2      | Bought a potion of might for 44 gold pieces
  2429 | D:3      | Reached XP level 5. HP: 28/28 MP: 4/6
  2946 | D:4      | Reached skill level 4 in Axes
  3123 | D:4      | Noticed Grinder
  3142 | D:4      | Killed Grinder
  3143 | D:4      | Reached XP level 6. HP: 33/33 MP: 7/7
  3195 | D:4      | Reached XP level 7. HP: 37/37 MP: 8/8
  3301 | D:4      | Reached *** piety under Trog
  3418 | D:4      | Reached skill level 5 in Axes
  3836 | D:5      | Entered Level 5 of the Dungeon
  3866 | D:5      | Noticed Sigmund
  3904 | D:5      | Killed Sigmund
  3905 | D:5      | Reached skill level 1 in Evocations
  4040 | D:5      | Identified the +9 quarterstaff "Ijairalo" {vorpal, rPois
                  | Int+6 Stlth+}
  4068 | D:5      | Gained mutation: You have razor-sharp teeth. [Vine Stalker
                  | growth]
  4068 | D:5      | Reached XP level 8. HP: 42/42 MP: 9/9
  4311 | D:5      | Reached skill level 6 in Axes
  4737 | D:6      | Noticed Maggie
  4757 | D:6      | Killed Maggie
  4758 | D:6      | Reached skill level 5 in Fighting
  4758 | D:6      | Reached XP level 9. HP: 38/47 MP: 6/10
  4819 | D:6      | Found a staircase to the Ecumenical Temple.
  5076 | D:6      | Reached skill level 7 in Axes
  5297 | D:6      | Found a hazy altar of Hepliaklqana.
  5298 | D:6      | Found a shimmering altar of Xom.
  5300 | D:6      | Noticed a spectral ugly thing
  5508 | D:6      | Reached **** piety under Trog
  6015 | D:7      | Noticed a kobold demonologist
  6042 | D:7      | Reached skill level 5 in Dodging
  6055 | D:7      | Found a transporter.
  6261 | D:7      | Reached skill level 8 in Axes
  6261 | D:7      | Reached skill level 5 in Armour
  6418 | D:7      | Found a runed translucent door.
  6419 | D:7      | Noticed Crazy Yiuf
  6484 | D:7      | Reached XP level 10. HP: 53/53 MP: 11/11
  6590 | D:7      | Killed Crazy Yiuf
  6696 | D:8      | Found a blossoming altar of Fedhas.
  6835 | D:8      | Found a basalt altar of Yredelemnul.
  6838 | D:8      | Found an iron altar of Okawaru.
  7075 | D:8      | Found a hide-covered altar of Uskayaw.
  7136 | D:8      | Found a shadowy altar of Dithmenos.
  7137 | D:8      | Found a burning altar of Makhleb.
  7305 | D:9      | Noticed a kobold demonologist
  7309 | D:9      | Noticed a kobold demonologist
  7314 | D:9      | Noticed an orange demon
  7320 | D:8      | Killed a kobold demonologist
  7410 | D:9      | Noticed a kobold demonologist
  7413 | D:9      | Noticed a soul eater
  7417 | D:8      | Killed a kobold demonologist
  7417 | D:8      | Reached ***** piety under Trog
  7465 | D:9      | Killed a kobold demonologist
  7480 | D:9      | Noticed a kobold demonologist
  7528 | D:9      | Killed a kobold demonologist
  7529 | D:9      | Reached skill level 9 in Axes
  7584 | D:9      | Reached skill level 5 in Evocations
  7781 | D:9      | Found a staircase to the Lair.
  7781 | D:9      | Identified the +1 ring mail of the Evil One {+Blink}
  8316 | D:9      | Reached XP level 11. HP: 58/58 MP: 12/12
  8424 | D:10     | Entered Level 10 of the Dungeon
  8533 | D:10     | Found Byuwnaz's Distillery.
  8540 | D:10     | Bought a potion of curing for 45 gold pieces
  8540 | D:10     | Bought a potion of cancellation for 120 gold pieces
  8540 | D:10     | Bought a potion of haste for 150 gold pieces
  8540 | D:10     | Bought a potion of invisibility for 120 gold pieces
  8749 | D:10     | Found a portal to a secret trove of treasure.
  8803 | D:10     | Found a shimmering blue altar of Sif Muna.
  8803 | D:10     | Found a radiant altar of Vehumet.
  9012 | D:10     | Reached skill level 10 in Axes
  9251 | D:11     | Noticed a boulder beetle
  9270 | D:11     | Noticed an obsidian statue
  9270 | D:11     | Found a runed translucent gate.
  9270 | D:11     | Found a runed translucent gate.
  9270 | D:11     | Found a runed translucent gate.
  9270 | D:11     | Found an opulent altar of Gozag.
  9270 | D:11     | Found a frozen archway.
  9277 | D:11     | Noticed a two-headed ogre
  9286 | D:11     | Killed a two-headed ogre
  9332 | IceCv    | Entered an ice cave
  9571 | IceCv    | Noticed a white ugly thing
  9579 | IceCv    | Killed a white ugly thing
  9792 | D:11     | Noticed a manticore
  9804 | D:11     | Killed a manticore
  9848 | D:11     | Noticed a two-headed ogre
  9853 | D:11     | Noticed SirDiesAlot's ghost (journeyman DECj)
  9856 | D:11     | Killed a two-headed ogre
  9857 | D:11     | Reached XP level 12. HP: 64/64 MP: 13/13
  9858 | D:11     | Noticed a fire giant
  9964 | D:11     | Paralysed by an orc warrior for 4 turns
 10015 | D:11     | Found a staircase to the Orcish Mines.
 10157 | D:11     | Killed a boulder beetle
 10158 | D:11     | Reached skill level 11 in Axes
 10484 | Lair:1   | Entered Level 1 of the Lair of Beasts
 10858 | Lair:1   | Noticed a six-headed hydra
 10864 | Lair:1   | Killed a six-headed hydra
 11595 | Lair:2   | Noticed a four-headed hydra
 11606 | Lair:2   | Received a gift from Trog
 11672 | Lair:2   | Killed a four-headed hydra
 11737 | Lair:2   | Identified the +2 kite shield "Nahohid" {rPois rC+ Slay+2}
 11851 | Lair:2   | Found a staircase to the Swamp.
 12161 | Lair:2   | Identified a scroll of acquirement
 12161 | Lair:2   | Acquired the +2 pair of boots "Nuol" {rF+ Dex-2 SInv}
 12231 | Lair:2   | Noticed a six-headed hydra
 12241 | Lair:2   | Killed a six-headed hydra
 12469 | Lair:3   | Reached skill level 12 in Axes
 12673 | Lair:3   | Noticed an eight-headed hydra
 12693 | Lair:3   | Killed an eight-headed hydra
 12694 | Lair:3   | Reached XP level 13. HP: 70/70 MP: 12/14
 12700 | Lair:3   | Reached skill level 1 in Shields
 12750 | Lair:3   | Found a staircase to the Snake Pit.
 13808 | Lair:4   | Acquired a manual of Armour
 14624 | Lair:5   | Reached skill level 13 in Axes
 15122 | Lair:5   | Found a viscous altar of Jiyva.
 15122 | Lair:5   | Found a staircase to the Slime Pits.
 15558 | Lair:6   | Entered Level 6 of the Lair of Beasts
 15581 | Lair:5   | Reached skill level 10 in Fighting
 15585 | Lair:5   | Reached ****** piety under Trog
 15617 | Lair:6   | Reached XP level 14. HP: 77/77 MP: 15/15
 15650 | Lair:6   | Received a gift from Trog
 15883 | Orc:1    | Entered Level 1 of the Orcish Mines
 16302 | Orc:2    | Entered Level 2 of the Orcish Mines
 16302 | Orc:2    | Noticed Snorg
 16312 | Orc:2    | Killed Snorg
 16493 | Orc:2    | Found a staircase to the Elven Halls.
 16780 | Orc:1    | Reached skill level 10 in Armour
 16786 | Orc:1    | Received a gift from Trog
 17044 | Orc:2    | Reached skill level 5 in Shields
 17155 | Orc:2    | Found Yllelinu's Antique Weapon Emporium.
 17161 | Orc:2    | Bought a broad axe for 92 gold pieces
 17161 | Orc:2    | Bought a broad axe for 92 gold pieces
 17295 | Orc:2    | Found Sinoehoe's Antique Weapon Boutique.
 17556 | Orc:2    | Noticed Saint Roka
 17579 | Orc:1    | Killed from afar by an orc priest

Illustrated notes

Levels and vault maps discovered:
D:1:      ncdulo_lavacross, layout_loops_ring, minmay_statues_item,
          palyth_stone_intersect, fountainhead
D:2:      layout_basic, serial_shops, shop
D:3:      layout_rooms
D:4:      layout_basic, uniq_grinder
D:5:      layout_basic, minmay_mini_ossuary, uniq_sigmund
D:6:      minmay_bubble_buster, layout_layer_cave,
          regret_index_temple_of_mockery, minmay_temple_entry_glass, uniq_maggie
D:7:      gammafunk_the_bubble [the_bubble_gammafunk_grid], layout_cave_pools,
          uniq_crazy_yiuf_cottage
D:8:      layout_basic, minitemple, mainiacjoe_overflow_large_starburst,
          mainiacjoe_overflow_catwalk
D:9:      layout_rooms, erik_lair_island
D:10:     layout_basic, chequers_temple_overflow_statue_of_worship,
          nicolae_trove_entry_crossroad, serial_shops, shop
D:11:     layout_cave_pools, minmay_orc_entry_guard_dogs, ebering_ghost_gozag,
          portal_ice_cave_entry_ice_simulacra, serial_rivers,
          chequers_serial_rivers_room_b, chequers_serial_rivers_room_a,
          chequers_serial_rivers_small_b, chequers_serial_rivers_room_a,
          kennysheep_cross_bottleneck
Lair:1:   layout_concentric_octagons, infiniplex_staircase_pool,
          lemuel_fruit_tree, grunt_megastairs_5, minmay_lair_oklob_chamber
Lair:2:   layout_regular_city, swamp_mist_pool, grunt_megastairs_4
Lair:3:   layout_cave_pods, minmay_snake_entry_guardpost_small
Lair:4:   layout_loops_ring, grunt_forest_large_clearings
Lair:5:   layout_loops_ring, dpeg_slime_entry_enclosed_altar,
          chequers_serial_rivers_large_a, worms_lemuel, serial_bayou_shore_b,
          lemuel_fruit_fields
Lair:6:   hangedman_lair_in_review, layout_regular_city,
          guppyfry_lair_end_dragon, gammafunk_ghost_split
Orc:1:    layout_diamond_mine, basic_altar, nicolae_orc_flooded_monolith,
          lightli_orcish_oven
Orc:2:    grunt_orc_community_town_hall, layout_caves,
          grunt_orc_community_big_house_2, grunt_orc_community_big_house_1,
          grunt_orc_community_house_3, grunt_orc_community_house_2,
          grunt_orc_community_house_2, grunt_orc_community_house_1,
          grunt_orc_community_house_1, grunt_orc_community_house_2,
          mines2_lemuel, uniq_snorg

Skill      XL: |  1  2  3  4  5  6  7  8  9 10 11 12 13 14 |
---------------+-------------------------------------------+-----
Axes           | 3 4 5 6 8 9 10 12 13 | 13.8
Fighting       | 3 4 5 6 7 9 10 | 10.3
Armour         | 2 3 4 5 6 8 9 10 | 10.1
Dodging        | 2 3 4 5 6 7 8 |  8.0
Evocations     | 1 3 4 5 |  5.0
Shields        | 4 5 |  5.1

Action                   |  1- 3 |  4- 6 |  7- 9 | 10-12 | 13-15 || total
-------------------------+-------+-------+-------+-------+-------++-------
Melee: Hand axe          |    91 |    89 |    75 |       |       ||   255
       Bite              |    21 |    36 |    80 |   161 |   209 ||   507
       Quarterstaff      |       |       |   171 |   461 |   537 ||  1169
       War axe           |       |       |       |       |    90 ||    90
Throw: Boomerang         |       |    52 |    27 |   113 |    27 ||   219
       Dart              |       |       |    34 |    10 |    38 ||    82
       Javelin           |       |       |     3 |     4 |       ||     7
Invok: Berserk           |     5 |     2 |     6 |    14 |    12 ||    39
       Trog's Hand       |       |       |     3 |     1 |       ||     4
       Brothers in Arms  |       |       |       |     2 |     1 ||     3
Evoke: Wand              |       |     1 |       |    16 |       ||    17
  Use: Scroll            |       |     4 |     8 |     6 |     2 ||    20
 Stab: Sleeping          |       |       |     1 |     1 |       ||     2
       Invisible         |       |       |       |     1 |       ||     1
       Paralysed         |       |       |       |    10 |       ||    10
Armor: Animal skin       |     6 |       |       |       |       ||     6
       Plate armour      |    10 |       |       |       |    58 ||    68
       Scale mail        |    19 |    24 |       |       |       ||    43
       Chain mail        |       |    22 |    64 |       |       ||    86
       Acid dragon scale |       |       |    74 |   242 |   226 ||   542
Dodge: Dodged            |    48 |    38 |   211 |   611 |   834 ||  1742
Block: Other             |       |       |       |    86 |   190 ||   276
       Reflection        |       |       |       |     1 |     5 ||     6
       Kite shield       |       |       |       |       |    97 ||    97

Table legend: (Time is in decaauts)
 A = Elapsed time spent in this place.
 B = Non-inter-level travel time spent in this place.
 C = Inter-level travel time spent in this place.
 D = Time resting spent in this place.
 E = Time spent auto-exploring this place.
 F = Levels seen in this place.
 G = Mean time per level.
                   A        B        C        D        E       F      G
               +--------+--------+--------+--------+--------+-----+--------+
         Total |  18416 |  17650 |    766 |   2567 |  10820 |  20 |  920.8 |
       Dungeon |  10737 |  10246 |    491 |   1716 |   6207 |  11 |  976.1 |
          Lair |   5628 |   5367 |    261 |    345 |   3780 |   6 |  938.0 |
  Orcish Mines |   1612 |   1600 |     12 |    248 |    816 |   2 |  806.0 |
      Ice Cave |    437 |    437 |      0 |    257 |     17 |   1 |  437.0 |
               +--------+--------+--------+--------+--------+-----+--------+

Top non-repeatable levels by time:
     D:1: 1496 daAuts
     D:6: 1308 daAuts
  Lair:5: 1243 daAuts
  Lair:3: 1149 daAuts
  Lair:1: 1110 daAuts
   Orc:2: 1105 daAuts
     D:9: 1073 daAuts
    D:11: 1063 daAuts
  Lair:4: 1004 daAuts
  Lair:2: 984 daAuts
     D:4: 910 daAuts
     D:8: 879 daAuts
    D:10: 852 daAuts
     D:7: 830 daAuts
     D:2: 796 daAuts
